PBL
BROCKTON ROX @ NEW JERSEY DEVILS
08/22/2047
 
TOP OF THE 1ST
Brockton Rox batting - Pitching for New Jersey Devils : RHP Mark Paddock
Pitching: RHP Mark Paddock
Batting: LHB Eric Gaugler 0-0: Ball
1-0: Ball
2-0: Ground out 3-1 (Groundball, 34, EV 87.5 MPH)
Batting: SHB Jose Santiago 0-0: Ball
1-0: Foul Ball, location: 2F
1-1: Ground out 5-3 (Groundball, 5D, EV 79.4 MPH)
Batting: RHB Kirk Cully 0-0: Ball
1-0: Called Strike
1-1: Called Strike
1-2: Ball
2-2: Fly out, F9 (Flyball, 9, EV 85.6 MPH)
Top of the 1st over - 0 runs, 0 hits, 0 errors, 0 left on base; Brockton 0 - New Jersey 0
BOTTOM OF THE 1ST
New Jersey Devils batting - Pitching for Brockton Rox : RHP Emile Pirandello
Pitching: RHP Emile Pirandello
Batting: SHB Tyler Maddux 0-0: SINGLE (Groundball, 34D, EV 109.4 MPH) (infield hit)
Batting: LHB Randolph Brodbeck 0-0: Ball
1-0: Called Strike
1-1: Called Strike
Tyler Maddux is caught stealing 2nd base 2-6
1-2: Ground out 4-3 (Groundball, 4, EV 85.0 MPH)
Batting: RHB Chris Artz 0-0: Called Strike
0-1: DOUBLE (Line Drive, 7LM, EV 114.4 MPH)
Batting: RHB Jim Freels 0-0: Ball
1-0: Ball
2-0: Called Strike
2-1: Called Strike
2-2: Ball
3-2: Ground out 3-1 (Groundball, 34, EV 81.2 MPH)
Bottom of the 1st over - 0 runs, 2 hits, 0 errors, 1 left on base; Brockton 0 - New Jersey 0
TOP OF THE 2ND
Brockton Rox batting - Pitching for New Jersey Devils : RHP Mark Paddock
Batting: RHB Felix Rangel 0-0: Ball
1-0: Called Strike
1-1: Ball
2-1: Ball
3-1: Fly out, F9 (Flyball, 9LM, EV 88.8 MPH)
Pitching: RHP Jean-Pierre Carpentier
Batting: SHB Matsudaira Ikeda 0-0: Ball
1-0: Ball
2-0: Ground out 6-3 (Groundball, 6, EV 78.1 MPH)
Batting: RHB Eric Kent 0-0: Called Strike
0-1: Foul Ball, location: 2F
0-2: Strikes out looking
Top of the 2nd over - 0 runs, 0 hits, 0 errors, 0 left on base; Brockton 0 - New Jersey 0
BOTTOM OF THE 2ND
New Jersey Devils batting - Pitching for Brockton Rox : RHP Emile Pirandello
Batting: RHB Eric Zylstra 0-0: Ball
1-0: Fly out, F7 (Line Drive, 78M, EV 88.8 MPH)
Batting: RHB Sergio Andrada 0-0: Ball
1-0: Swinging Strike
1-1: Ground out 4-3 (Groundball, 4, EV 86.9 MPH)
Batting: SHB Ernesto Mazas 0-0: Ball
1-0: Foul Ball, location: 2F
1-1: Foul Ball, location: 2F
1-2: Strikes out swinging
Bottom of the 2nd over - 0 runs, 0 hits, 0 errors, 0 left on base; Brockton 0 - New Jersey 0
TOP OF THE 3RD
Brockton Rox batting - Pitching for New Jersey Devils : RHP Jean-Pierre Carpentier
Batting: RHB Estevan Carrillo 0-0: Foul Ball, location: 2F
0-1: Fly out, F7 (Line Drive, 7S, EV 108.8 MPH)
Batting: SHB Mel Gonzalez 0-0: Ball
1-0: SINGLE (Line Drive, 78S, EV 88.8 MPH)
Batting: LHB Isaiah Spitzbarth 0-0: Ball
1-0: Called Strike
1-1: Grounds into double play, 5-4-3 (Groundball, 56, EV 77.5 MPH)
Top of the 3rd over - 0 runs, 1 hit, 0 errors, 0 left on base; Brockton 0 - New Jersey 0
BOTTOM OF THE 3RD
New Jersey Devils batting - Pitching for Brockton Rox : RHP Emile Pirandello
Batting: RHB Oscar Ramirez 0-0: Swinging Strike
0-1: Foul Ball, location: 2F
0-2: Strikes out swinging
Batting: LHB Joel Sandoval 0-0: Foul Ball, location: 2F
0-1: Ball
1-1: Ball
2-1: Swinging Strike
2-2: Ball
3-2: Ground out 4-3 (Groundball, 4, EV 101.2 MPH)
Batting: SHB Tyler Maddux 0-0: Swinging Strike
0-1: Ball
1-1: Ball
2-1: Ball
3-1: Base on Balls
Batting: LHB Randolph Brodbeck 0-0: Called Strike
0-1: Foul Ball, location: 2F
0-2: Strikes out looking
Bottom of the 3rd over - 0 runs, 0 hits, 0 errors, 1 left on base; Brockton 0 - New Jersey 0
TOP OF THE 4TH
Brockton Rox batting - Pitching for New Jersey Devils : RHP Jean-Pierre Carpentier
Batting: LHB Eric Gaugler 0-0: Called Strike
0-1: Foul Ball, location: 2F
0-2: Ball
1-2: Ball
2-2: Strikes out swinging
Batting: SHB Jose Santiago 0-0: Foul Ball, location: 2F
0-1: Ball
1-1: Called Strike
1-2: Strikes out swinging
Batting: RHB Kirk Cully 0-0: Ball
1-0: Swinging Strike
1-1: Called Strike
1-2: Strikes out swinging
Top of the 4th over - 0 runs, 0 hits, 0 errors, 0 left on base; Brockton 0 - New Jersey 0
BOTTOM OF THE 4TH
New Jersey Devils batting - Pitching for Brockton Rox : RHP Emile Pirandello
Batting: RHB Chris Artz 0-0: Called Strike
0-1: Ball
1-1: Ball
2-1: Ball
3-1: Base on Balls
Batting: RHB Jim Freels 0-0: SINGLE (Groundball, 5S, EV 64.4 MPH) (infield hit)
Chris Artz to second
Batting: RHB Eric Zylstra 0-0: Ball
1-0: Ball
2-0: Foul Ball, location: 2F
2-1: Foul Ball, location: 2F
2-2: Ball
3-2: Foul Ball, location: 2F
3-2: Foul Ball, location: 2F
3-2: Strikes out swinging
Batting: RHB Sergio Andrada 0-0: Ball
1-0: Foul Ball, location: 2F
1-1: Foul Ball, location: 2F
1-2: Ball
2-2: Strikes out swinging
Batting: SHB Ernesto Mazas 0-0: Ground out U3 (Groundball, 34, EV 85.6 MPH)
Bottom of the 4th over - 0 runs, 1 hit, 0 errors, 2 left on base; Brockton 0 - New Jersey 0
TOP OF THE 5TH
Brockton Rox batting - Pitching for New Jersey Devils : RHP Jean-Pierre Carpentier
Pinch Hitting: SHB Arihito Hiramoto 0-0: SOLO HOME RUN (Flyball, 9LD, EV 97.5 MPH), Distance : 350 ft
Batting: SHB Matsudaira Ikeda 0-0: Swinging Strike
0-1: Foul Ball, location: 2F
0-2: Ball
1-2: Ball
2-2: Strikes out swinging
Batting: RHB Eric Kent 0-0: Ball
1-0: Ball
2-0: Ball
3-0: Called Strike
3-1: Fly out, F8 (Flyball, 8RD, EV 103.1 MPH)
Batting: RHB Estevan Carrillo 0-0: TRIPLE (Line Drive, 89XD, EV 102.5 MPH)
Batting: SHB Mel Gonzalez 0-0: Called Strike
0-1: Ball
1-1: Swinging Strike
1-2: Ball
2-2: Strikes out looking
Top of the 5th over - 1 run, 2 hits, 0 errors, 1 left on base; Brockton 1 - New Jersey 0
BOTTOM OF THE 5TH
New Jersey Devils batting - Pitching for Brockton Rox : RHP Emile Pirandello
Now in RF: Panam Palmer
Batting: RHB Oscar Ramirez 0-0: Swinging Strike
0-1: Swinging Strike
0-2: Strikes out swinging
Batting: LHB Joel Sandoval 0-0: Ball
1-0: Foul Ball, location: 2F
1-1: SINGLE (Line Drive, 89S, EV 108.8 MPH)
Batting: SHB Tyler Maddux 0-0: Foul Ball, location: 2F
0-1: Foul Ball, location: 2F
0-2: Strikes out swinging
Batting: LHB Randolph Brodbeck 0-0: Ground out U3 (Groundball, 34, EV 102.5 MPH)
Bottom of the 5th over - 0 runs, 1 hit, 0 errors, 1 left on base; Brockton 1 - New Jersey 0
TOP OF THE 6TH
Brockton Rox batting - Pitching for New Jersey Devils : RHP Jean-Pierre Carpentier
Batting: LHB Isaiah Spitzbarth 0-0: Ball
1-0: Foul Ball, location: 2F
1-1: Swinging Strike
1-2: Ball
2-2: Strikes out looking
Batting: LHB Eric Gaugler 0-0: Ball
1-0: Called Strike
1-1: Swinging Strike
1-2: Ball
2-2: Strikes out swinging
Batting: SHB Jose Santiago 0-0: Foul Ball, location: 2F
0-1: Foul Ball, location: 2F
0-2: Ball
1-2: Strikes out swinging
Top of the 6th over - 0 runs, 0 hits, 0 errors, 0 left on base; Brockton 1 - New Jersey 0
BOTTOM OF THE 6TH
New Jersey Devils batting - Pitching for Brockton Rox : RHP Emile Pirandello
Batting: RHB Chris Artz 0-0: Foul Ball, location: 2F
0-1: Ball
1-1: Ball
2-1: Foul Ball, location: 2F
2-2: Ball
3-2: Ground out 5-3 (Groundball, 5, EV 86.9 MPH)
Batting: RHB Jim Freels 0-0: Swinging Strike
0-1: Ball
1-1: Called Strike
1-2: Ground out U3 (Groundball, 3, EV 89.4 MPH)
Batting: RHB Eric Zylstra 0-0: Called Strike
0-1: Ball
1-1: Fly out, F9 (Flyball, 9LM, EV 103.1 MPH)
Bottom of the 6th over - 0 runs, 0 hits, 0 errors, 0 left on base; Brockton 1 - New Jersey 0
TOP OF THE 7TH
Brockton Rox batting - Pitching for New Jersey Devils : RHP Jean-Pierre Carpentier
Batting: RHB Kirk Cully 0-0: Swinging Strike
0-1: Ball
1-1: Foul Ball, location: 2F
1-2: Ball
2-2: Strikes out swinging
Batting: RHB Panam Palmer 0-0: Ball
1-0: Ball
2-0: Foul Ball, location: 2F
2-1: Foul Ball, location: 2F
2-2: Strikes out swinging
Batting: SHB Matsudaira Ikeda 0-0: Called Strike
0-1: Swinging Strike
0-2: Strikes out swinging
Top of the 7th over - 0 runs, 0 hits, 0 errors, 0 left on base; Brockton 1 - New Jersey 0
BOTTOM OF THE 7TH
New Jersey Devils batting - Pitching for Brockton Rox : RHP Emile Pirandello
Pitching: RHP Murilo Selo
Pinch Hitting: RHB Bill Crogan 0-0: Foul Ball, location: 2F
0-1: Ball
1-1: Foul Ball, location: 2F
1-2: Ball
2-2: Foul Ball, location: 2F
2-2: DOUBLE (Flyball, 8LXD, EV 105.0 MPH)
Batting: SHB Ernesto Mazas 0-0: Ball
1-0: Ball
Wild Pitch!
Bill Crogan to third
2-0: Ball
3-0: Ground out U3 (Groundball, 3S, EV 86.2 MPH)
Pinch Hitting: SHB Alex Cavazos 0-0: Called Strike
0-1: Called Strike
0-2: Fly out, F8 (Flyball, 89M, EV 85.0 MPH)
Runner from 3rd tags up, SCORES, throw by CF
Pinch Hitting: RHB Isaiah Heath 0-0: Called Strike
0-1: Ball
1-1: Called Strike
1-2: Foul Ball, location: 2F
1-2: Ball
2-2: Ball
3-2: Ground out 6-3 (Groundball, 6, EV 104.4 MPH)
Bottom of the 7th over - 1 run, 1 hit, 0 errors, 0 left on base; Brockton 1 - New Jersey 1
TOP OF THE 8TH
Brockton Rox batting - Pitching for New Jersey Devils : RHP Jean-Pierre Carpentier
Pitching: RHP Jeremy Delka
Now at 1B: Carlos Saldivar
Now at SS: Chris Graham
Now in RF: Tao Li
Batting: RHB Eric Kent 0-0: Foul Ball, location: 2F
0-1: Ball
1-1: Ball
2-1: Ball
3-1: Swinging Strike
3-2: Foul Ball, location: 2F
3-2: Base on Balls
Pinch Hitting: LHB Kien-lung Zou 0-0: Ball
1-0: Sac Bunt to P - play at first, batter OUT! 1-3
Eric Kent to second
Pinch Hitting: RHB Mo Tsang 0-0: Intentional Walk
Batting: RHB Eric McClelland 0-0: Called Strike
0-1: Called Strike
0-2: Ball
1-2: Strikes out swinging
Batting: LHB Eric Gaugler 0-0: Foul Ball, location: 2F
0-1: Foul Ball, location: 2F
0-2: Ball
1-2: Ball
2-2: Ground out 4-3 (Groundball, 4, EV 77.5 MPH)
Top of the 8th over - 0 runs, 0 hits, 0 errors, 2 left on base; Brockton 1 - New Jersey 1
BOTTOM OF THE 8TH
New Jersey Devils batting - Pitching for Brockton Rox : RHP Murilo Selo
Now at C: Mo Tsang
Now at 1B: Kien-lung Zou
Batting: SHB Tyler Maddux 0-0: Foul Ball, location: 2F
0-1: Called Strike
0-2: Ball
1-2: Strikes out swinging
Batting: LHB Randolph Brodbeck 0-0: Called Strike
0-1: Foul Ball, location: 2F
0-2: Ball
1-2: Strikes out swinging
Batting: RHB Chris Artz 0-0: Ball
1-0: Called Strike
1-1: Ball
2-1: Swinging Strike
2-2: Foul Ball, location: 2F
2-2: Ball
3-2: Base on Balls
Batting: RHB Jim Freels 0-0: Foul Ball, location: 2F
0-1: Foul Ball, location: 2F
0-2: Ball
1-2: Foul Ball, location: 2F
1-2: Ball
2-2: Strikes out swinging
Bottom of the 8th over - 0 runs, 0 hits, 0 errors, 1 left on base; Brockton 1 - New Jersey 1
TOP OF THE 9TH
Brockton Rox batting - Pitching for New Jersey Devils : RHP Jeremy Delka
Batting: SHB Jose Santiago 0-0: Foul Ball, location: 2F
0-1: Swinging Strike
0-2: Ball
1-2: Strikes out looking
Batting: RHB Kirk Cully 0-0: Called Strike
0-1: Swinging Strike
0-2: Ball
1-2: Ball
2-2: SINGLE (Groundball, 4MD, EV 104.4 MPH)
Batting: RHB Panam Palmer 0-0: Ball
1-0: Ball
2-0: Called Strike
2-1: Swinging Strike
2-2: Ball
3-2: Strikes out looking
Batting: SHB Matsudaira Ikeda 0-0: 2-RUN HOME RUN (Flyball, 9D, EV 96.2 MPH), Distance : 357 ft
Batting: RHB Eric Kent 0-0: Ball
1-0: Foul Ball, location: 2F
1-1: Hit by Pitch
Batting: LHB Kien-lung Zou 0-0: Called Strike
0-1: Called Strike
0-2: Ball
1-2: Fly out, F8 (Flyball, 8LD, EV 88.8 MPH)
Top of the 9th over - 2 runs, 2 hits, 0 errors, 1 left on base; Brockton 3 - New Jersey 1
BOTTOM OF THE 9TH
New Jersey Devils batting - Pitching for Brockton Rox : RHP Murilo Selo
Pitching: LHP Jessie Leslie
Batting: RHB Eric Zylstra 0-0: Ball
1-0: Ball
2-0: Called Strike
2-1: Called Strike
2-2: Fly out, F9 (Flyball, 89S, EV 76.9 MPH)
Batting: RHB Chris Graham 0-0: Ball
1-0: Ball
2-0: Foul Ball, location: 2F
2-1: Reached on error, E4 (Groundball, 34, EV 102.5 MPH)
Pinch Hitting: RHB Brian Bonin 0-0: Called Strike
0-1: Foul Ball, location: 2F
0-2: Foul Ball, location: 2F
0-2: SINGLE (Groundball, 34, EV 98.8 MPH)
Chris Graham to second
Pinch Hitting: RHB John Carpenter 0-0: Grounds into double play, 6-4-3 (Groundball, 6, EV 91.2 MPH)
Bottom of the 9th over - 0 runs, 1 hit, 1 error, 1 left on base; Brockton 3 - New Jersey 1
Thursday, December 15th , 2022 - OOTP Baseball 23.9 Build 102